 Dungeon Crawl Stone Soup version 0.26.1-2-gb8aa6d0cf2 (webtiles) character file.

Game seed: 1749761390018370127

2074 Almogavar the Carver (level 9, -2/79 HPs)
             Began as a Minotaur Berserker on Mar 24, 2021.
             Was an Elder of Trog.
             Slain by Harold
             ... wielding a +0 battleaxe
              (8 damage)
             ... on level 7 of the Dungeon.
             The game lasted 00:14:47 (6904 turns).

Almogavar the Carver (Minotaur Berserker)           Turns: 6904, Time: 00:14:48

Health: -2/79      AC: 12    Str: 26    XL:     9   Next: 6%
Magic:  8/8        EV: 10    Int:  4    God:    Trog [****..]
Gold:   275        SH:  0    Dex:  9    Spells: 8/8 levels left

rFire    . . .     SeeInvis .   k - +2 falchion (vorpal)
rCold    . . .     Faith    .   (no shield)
rNeg     . . .     Spirit   .   h - +0 chain mail
rPois    .         Reflect  .   (helmet restricted)
rElec    .         Harm     .   (no cloak)
rCorr    .         Rampage  .   (no gloves)
Will     .....                  g - +0 pair of boots
Stlth    ..........             (no amulet)
HPRegen  0.23/turn              p - ring of flight
MPRegen  0.11/turn              (no ring)

@: about to teleport, marked
A: retaliatory headbutt, horns 2
a: Renounce Religion, Evoke Flight, Berserk, Trog's Hand, Brothers in Arms


You were on level 7 of the Dungeon.
You worshipped Trog.
Trog was greatly pleased with you.
You visited 1 branch of the dungeon, and saw 7 of its levels.

You collected 396 gold pieces.
You spent 121 gold pieces at shops.

Inventory:

Hand Weapons
 a - a +0 hunting sling
 k - a +2 vorpal falchion (weapon)
Missiles
 e - 69 sling bullets
 f - 63 stones
Armour
 g - a +0 pair of boots (worn)
 h - a +0 chain mail (worn)
Jewellery
 p - a ring of flight (left hand)
Wands
 m - a wand of random effects (19)
Scrolls
 d - 5 scrolls of remove curse
 i - 5 scrolls of blinking
Potions
 b - 3 potions of curing
 c - 3 potions of lignification
 j - 5 potions of attraction
 l - a potion of might {unknown}
 n - 2 potions of flight {unknown}
 q - 2 potions of heal wounds {unknown}
 s - a potion of mutation {unknown}


   Skills:
 + Level 7.3 Fighting
 + Level 9.3 Long Blades
 + Level 1.2 Slings
 + Level 8.2 Armour
 + Level 4.8 Dodging
 - Level 0.1 Stealth


You had 8 spell levels left.
You didn't know any spells.
Your spell library was empty.

Dungeon Overview and Level Annotations

Branches:
Dungeon (7/15)             Temple (0/1) D:5

Altars:
Ashenzari
Dithmenos
Fedhas
Ru

Shops:
D:5 ([

Annotations:
D:7 Harold


Innate Abilities, Weirdness & Mutations

You reflexively headbutt those who attack you in melee.
You have a pair of horns on your head.


Message History

The centaur shoots an arrow.
The arrow hits you but does no damage.
As you read the scroll of teleportation, it crumbles to dust.
You feel strangely unstable.
The centaur shoots an arrow.
The arrow hits you.
A bullfrog comes into view.
The ice beast hits you but does no damage.
A shadow imp comes into view.
You struggle against the net.
Harold hits you with a +0 battleaxe!!
* * * LOW HITPOINT WARNING * * *
A water moccasin zombie comes into view.
The ice beast hits you but does no damage.
A bullfrog zombie comes into view.
You rip the net and break free!
The shadow imp grinds its teeth.
The centaur shoots an arrow.
The arrow hits you but does no damage. The ice beast hits you.
* * * LOW HITPOINT WARNING * * *
The ice beast freezes you!
* * * LOW HITPOINT WARNING * * *
Harold hits you with a +0 battleaxe!
You die...

...l
.##Z..#######
#.....5.....
...........#
...........#
#..F.Z....(#
#....Z.@...#
#..<.c.@..(#
#.....Y.....#
#...........#
#............#
........#.....#
..............#
...............
........#..##..


You could see Harold, an ice beast, a bullfrog, a centaur, a shadow imp, 2 adder
zombies, a water moccasin zombie and a leopard gecko.

Vanquished Creatures
  Prince Ribbit (D:6)
  Eustachio (D:4)
  Duvessa (D:4)
  A sky beast (D:6)
  2 ice beasts
  A phantom (D:6)
  4 ogres
  Blork the orc (D:4)
  A bullfrog (D:6)
  Dowan (D:4)
  2 scorpions (D:4)
  A howler monkey (D:5)
  A bullfrog zombie (D:5)
  2 hounds
  A jelly (D:7)
  3 orc priests (D:6)
  2 orc wizards (D:6)
  5 worker ants
  A hound zombie (D:5)
  8 adders
  A shadow imp (D:6)
  2 oozes (D:4)
  An adder zombie (D:5)
  A worm (D:5)
  6 dart slugs
  7 leopard geckos
  17 orcs
  8 bats
  14 giant cockroaches
  13 goblins
  5 hobgoblins
  4 quokkas
  2 ball pythons
  6 frilled lizards
  A jackal skeleton (D:5)
  11 kobolds
  A quokka skeleton (D:4)
  10 rats
150 creatures vanquished.

Notes
Turn   | Place    | Note
-------+----------+-------------------------------------------
     0 | D:1      | Almogavar the Minotaur Berserker began the quest for the
                  | Orb.
     0 | D:1      | Reached XP level 1. HP: 19/19 MP: 0/0
   213 | D:1      | Reached XP level 2. HP: 24/27 MP: 1/1
   547 | D:1      | Reached skill level 4 in Long Blades
   618 | D:1      | Reached ** piety under Trog
   714 | D:1      | Reached XP level 3. HP: 33/33 MP: 2/2
  1336 | D:2      | Found a shadowy altar of Dithmenos.
  1478 | D:2      | Reached XP level 4. HP: 41/41 MP: 3/3
  1678 | D:2      | Reached *** piety under Trog
  1983 | D:3      | Found a blossoming altar of Fedhas.
  2067 | D:3      | Reached skill level 5 in Long Blades
  2307 | D:3      | Found a sacrificial altar of Ru.
  2563 | D:4      | Reached XP level 5. HP: 47/47 MP: 4/4
  2563 | D:4      | Noticed Duvessa
  2566 | D:4      | Noticed Dowan
  2579 | D:4      | Killed Duvessa
  2580 | D:4      | Reached skill level 5 in Fighting
  2583 | D:4      | Killed Dowan
  2584 | D:4      | Reached XP level 6. HP: 39/56 MP: 5/5
  2842 | D:4      | Noticed Eustachio
  2854 | D:4      | Reached skill level 6 in Long Blades
  2862 | D:4      | Killed Eustachio
  3044 | D:4      | Found a broken altar of Ashenzari.
  3138 | D:4      | Reached skill level 1 in Slings
  3261 | D:4      | Noticed Blork the orc
  3269 | D:4      | Killed Blork the orc
  3270 | D:4      | Reached skill level 5 in Armour
  3270 | D:4      | Reached XP level 7. HP: 43/62 MP: 6/6
  3660 | D:4      | Reached **** piety under Trog
  4009 | D:5      | Entered Level 5 of the Dungeon
  4064 | D:5      | Reached skill level 7 in Long Blades
  4068 | D:5      | Found a staircase to the Ecumenical Temple.
  4179 | D:5      | Found Miresm's Antique Armour Boutique.
  4220 | D:5      | Bought a pair of boots for 121 gold pieces
  4325 | D:5      | Found Kalery's Antique Weapon Shoppe.
  4904 | D:5      | Reached XP level 8. HP: 64/71 MP: 7/7
  5413 | D:6      | Reached skill level 8 in Long Blades
  6350 | D:6      | Noticed Prince Ribbit
  6361 | D:6      | Killed Prince Ribbit
  6362 | D:6      | Reached skill level 9 in Long Blades
  6432 | D:6      | Reached XP level 9. HP: 51/79 MP: 8/8
  6893 | D:7      | Noticed Harold
  6904 | D:7      | Slain by Harold

Illustrated notes

Levels and vault maps discovered:
D:1:      noname_arrival_rooms_in_the_neighbourhood, layout_basic, minivault_27,
          minivault_23, hangedman_glass_teeth
D:2:      layout_rooms, grunt_dithmenos_smoke
D:3:      layout_basic, fedhas_altar_3, nicolae_ru_path_of_blood
D:4:      layout_basic, abandoned_shop, evilmike_ruin_ashenzari, uniq_duvessa,
          uniq_eustachio, uniq_blork_the_orc
D:5:      minmay_octagon_keep, layout_cave_pods, minmay_temple_entry_mini_moons,
          serial_shops, kennysheep_little_box, nicolae_shop_overgrown_old_shop
D:6:      layout_loops_corners, gup_sewer_entry_pipe, uniq_prince_ribbit1
D:7:      kennysheep_orc_sif_temple, layout_rooms,
          nicolae_overflow_hidden_temple, nicolae_tso_swordbearing_angel,
          uniq_harold, uniq_joseph

Skill      XL: |  1  2  3  4  5  6  7  8 |
---------------+-------------------------+-----
Fighting       | 4 5 6 7 |  7.3
Long Blades    | 4 5 6 7 9 |  9.3
Armour         | 3 4 5 6 8 |  8.2
Dodging        | 3 4 |  4.8
Slings         | 1 |  1.2
Stealth        | |  0.1

Action                   |  1- 3 |  4- 6 |  7- 9 || total
-------------------------+-------+-------+-------++-------
Melee: Falchion          |    72 |    94 |   181 ||   347
       Headbutt          |    10 |    15 |    33 ||    58
 Fire: Hunting sling     |       |     5 |       ||     5
Invok: Berserk           |       |     2 |     3 ||     5
  Use: Scroll            |     3 |     4 |     4 ||    11
Armor: Animal skin       |     4 |       |       ||     4
       Ring mail         |    19 |    26 |     7 ||    52
       Scale mail        |       |       |    44 ||    44
       Chain mail        |       |       |     9 ||     9
Dodge: Dodged            |    53 |    66 |    80 ||   199
       Rpst.: Falchion   |     9 |    22 |    26 ||    57
